 Dungeon Crawl Stone Soup version 0.31.0-11-ge490571c62 (webtiles) character file.

Game seed: 8971970351709292133

1106 oldriver the Toxicologist (level 8, -7/61 (67) HPs)
             Began as a Formicid Alchemist on Feb 3, 2024.
             Was a Follower of Ru.
             Mangled by a wight
             ... wielding a +3 morningstar
              (11 damage)
             ... on level 6 of the Dungeon.
             The game lasted 00:09:46 (6298 turns).

oldriver the Toxicologist (Formicid Alchemist)      Turns: 6298, Time: 00:09:47

HP:   -7/61 (67)    AC:  2    Str: 12    XL:     8   Next: 58%
MP:   19/21         EV: 12    Int: 22    God:    Ru [*.....]
Gold: 285           SH:  0    Dex: 16    Spells: 8/13 levels left

rFire   . . .        a - +0 sling
rCold   . . .        (no shield)
rNeg    . . .        p - +0 robe
rPois   .            (helmet unavailable)
rElec   .            (no cloak)
rCorr   .            (no gloves)
SInv    +            (no boots)
Will    .....        (no amulet)
Stlth   +++          d - +6 ring of intelligence
HPRegen 0.30/turn    e - ring of magical power
MPRegen 0.17/turn

%: no passive effects
@: drained
A: permanent stasis, dig shafts and tunnels, antennae 3, weak-willed 1, four
strong arms
a: Dig, Shaft Self, Renounce Religion


You were on level 6 of the Dungeon.
You worshipped Ru.
Ru was aware of your devotion.
You visited 1 branch of the dungeon, and saw 6 of its levels.

You collected 285 gold pieces.

Inventory:

Hand Weapons
 a - a +0 sling (weapon)
 b - a +1 dagger of draining
 i - a +7 hand axe of distortion
 j - a +0 orcbow
Armour
 p - a +0 robe (worn)
Jewellery
 d - a +6 ring of intelligence (left hand)
 e - a ring of magical power (right hand)
 o - a +6 ring of intelligence
Wands
 h - a wand of digging (6)
Potions
 c - 2 potions of lignification
 f - 2 potions of haste
 g - a potion of magic
 k - a potion of mutation {unknown}
 m - a potion of enlightenment {unknown}
 n - a potion of cancellation {unknown}
 r - 2 potions of curing {unknown}


   Skills:
 + Level 7.2 Fighting
 - Level 2.0 Ranged Weapons
 - Level 2.0 Dodging
 - Level 4.0 Stealth
 - Level 3.0 Spellcasting
 - Level 0.8 Conjurations
 + Level 8.1 Alchemy


You had 8 spell levels left.
You knew the following spells:

 Your Spells              Type           Power      Damage    Failure   Level
a - Sting                 Conj/Alch      92%        1d8       1%          1
o - Olgreb's Toxic Radia  Alch           39%        N/A       4%          4

Your spell library contained the following spells:

 Spells                   Type           Power      Damage    Failure   Level
 Mercury Vapours          Alch/Air       42%        N/A       3%          2
 Mephitic Cloud           Conj/Alch/Air  16%        N/A       11%         3
 Momentum Strike          Conj/Tloc      10%        3d8       16%         2
 Lesser Beckoning         Tloc           6%         N/A       19%         2
 Sticky Flame             Fire/Alch      21%        2d6       24%         4
 Blink                    Tloc           Unusable   N/A       N/A         2

Dungeon Overview and Level Annotations

Branches:
Dungeon (6/15)             Temple (0/1) D:5

Altars:
Elyvilon
Gozag
Ru

Annotations:
D:4 1 runed translucent door, middlethird's ghost, amateur VSCj


Innate Abilities, Weirdness & Mutations

You cannot be hasted, slowed, berserked, paralysed or teleported.
You can dig through walls and to a lower floor.
You have a pair of large antennae on your head. (SInv)
You are slightly weak-willed. (Will-)
Your four strong arms can wield two-handed weapons with a shield.


Message History

You aren't carrying any scrolls.
Okay, then.
Okay, then.
Casting: Sting (safe; 1% risk of failure)
Confirm with . or Enter, or press ? or * to list all spells.
Okay, then.
Casting: Sting (safe; 1% risk of failure)
Confirm with . or Enter, or press ? or * to list all spells.
Aiming: Sting (safe; 1% risk of failure)
Press: ? - help, Shift-Dir - straight line, f/p - wight
Aim: a wight, wielding a +3 morningstar and wearing a +0 robe (lightly damaged, 76% to hit)
The sting hits the wight.
The wight is moderately damaged.
The wight is stunned by your conviction and fails to attack.
Casting: Sting (safe; 1% risk of failure)
Confirm with . or Enter, or press ? or * to list all spells.
Aiming: Sting (safe; 1% risk of failure)
Press: ? - help, Shift-Dir - straight line, f/p - wight
Aim: a wight, wielding a +3 morningstar and wearing a +0 robe (moderately damaged, 76% to hit)
The sting hits the wight.
The wight partially resists.
The wight is moderately damaged.
The wight hits you with a +3 morningstar.
* * * LOW HITPOINT WARNING * * *
Casting: Sting (safe; 1% risk of failure)
Confirm with . or Enter, or press ? or * to list all spells.
Aiming: Sting (safe; 1% risk of failure)
Press: ? - help, Shift-Dir - straight line, f/p - wight
Aim: a wight, wielding a +3 morningstar and wearing a +0 robe (moderately damaged, 76% to hit)
The sting hits the wight.
The wight is heavily damaged.
The wight hits you with a +3 morningstar!
* * * LOW HITPOINT WARNING * * *
You feel drained.
You shoot a sling bullet. The sling bullet hits the wight.
The wight is severely damaged.
The wight misses you.
You shoot a sling bullet. The sling bullet hits the wight.
The wight is almost destroyed.
The wight hits you with a +3 morningstar!
You die...

####### #.....#
#@###.####### #z#
#.†..>...
#.###.#####... ..
#.##...####.# #..
#.##.#...>..###...
#.#...............
#.....[#####......
####.#z.#####.#....
.........†....)....


You could see a wight.

Vanquished Creatures
  2 ogres (D:5)
  A centaur (D:5)
  A phantom (D:5)
  A bullfrog (D:6)
  A scorpion (D:5)
  A hound (D:6)
  A bombardier beetle (D:5)
  An orc priest (D:5)
  A gnoll bouda (D:5)
  Jessica (D:3)
  4 iguanas
  An orc wizard (D:6)
  3 gnolls (D:5)
  10 adders
  A shadow imp (D:5)
  2 ufetubi (D:6)
  3 dart slugs (D:2)
  2 ribbon worms (D:4)
  9 orcs
  8 endoplasms
  3 giant cockroaches
  7 goblins
  5 hobgoblins
  8 jackals
  9 kobolds
  4 quokkas
  7 ball pythons
  10 bats
  6 frilled lizards
  23 rats
136 creatures vanquished.

Vanquished Creatures (others)
  A centaur (D:5)
  A wight (D:5)
2 creatures vanquished.

Grand Total: 138 creatures vanquished

Notes
Turn   | Place    | Note
-------+----------+-------------------------------------------
     0 | D:1      | oldriver the Formicid Alchemist began the quest for the
                  | Orb.
     0 | D:1      | Reached XP level 1. HP: 13/13 MP: 3/3
    40 | D:1      | Reached skill level 1 in Fighting
   121 | D:1      | Reached XP level 2. HP: 18/21 MP: 0/5
   422 | D:1      | Reached XP level 3. HP: 26/28 MP: 0/6
   497 | D:1      | Found a faded altar of an unknown god.
  1316 | D:2      | Reached XP level 4. HP: 35/35 MP: 5/7
  2435 | D:3      | Noticed Jessica
  2440 | D:3      | Killed Jessica
  2441 | D:3      | Reached XP level 5. HP: 43/43 MP: 8/8
  2467 | D:3      | Found an opulent altar of Gozag.
  2982 | D:3      | Found a sacrificial altar of Ru.
  2994 | D:3      | Became a worshipper of Ru the Awakened
  3312 | D:4      | Found a runed translucent door.
  3312 | D:4      | Noticed middlethird's ghost (amateur VSCj)
  3360 | D:4      | Found a white marble altar of Elyvilon.
  3742 | D:4      | Reached XP level 6. HP: 32/49 MP: 10/10
  4497 | D:4      | Learned a level 4 spell: Olgreb's Toxic Radiance
  4531 | D:5      | Entered Level 5 of the Dungeon
  4589 | D:5      | Reached skill level 5 in Fighting
  4589 | D:5      | Reached skill level 1 in Ranged Weapons
  4739 | D:5      | Found a staircase to the Ecumenical Temple.
  4746 | D:5      | Reached skill level 5 in Alchemy
  4802 | D:5      | Gained mutation: You are slightly weak-willed. (Will-) [Ru
                  | sacrifice]
  4802 | D:5      | Reached * piety under Ru
  4881 | D:5      | Noticed an ogre
  4889 | D:5      | Killed an ogre
  4890 | D:5      | Reached XP level 7. HP: 32/56 MP: 11/11
  5008 | D:5      | Reached skill level 6 in Alchemy
  5275 | D:5      | Reached XP level 8. HP: 51/64 MP: 12/12
  5381 | D:5      | Reached skill level 7 in Alchemy
  6166 | D:6      | Reached skill level 8 in Alchemy
  6296 | D:6      | HP: 3/63 [wight/+3 morningstar (9)]
  6298 | D:6      | Mangled by a wight

Illustrated notes

Levels and vault maps discovered:
D:1:      erik_arrival_orb_chamber, layout_basic, basic_ecumenical_altar
D:2:      layout_basic, minmay_misc_feat_enclosed
D:3:      layout_basic, mainiacjoe_overflow_paths, grunt_gozag_breadcrumbs,
          uniq_jessica
D:4:      layout_loops_ring, kennysheep_mini, hellmonk_ghost_happy_afterlife,
          minmay_rat_hole
D:5:      layout_loops_cross, minmay_temple_entry_proselytizer
D:6:      layout_loops_ring, nzn_hepliaklqana_mist_gate, uniq_maggie,
          uniq_sigmund

Skill      XL: |  1  2  3  4  5  6  7  8 |
---------------+-------------------------+-----
Fighting       | 1 2 3 4 5 6 7 |  7.2
Dodging        | 2 |  2.0
Stealth        | 3 4 |  4.0
Spellcasting   | 3 |  3.0
Ranged Weapons | 1 2 |  2.0
Alchemy        | 5 6 8 |  8.1
Conjurations   | |  0.8

Action                     |  1- 3 |  4- 6 |  7- 9 || total
---------------------------+-------+-------+-------++-------
  Melee: Unarmed           |     5 |       |       ||     5
         Dagger            |    26 |    12 |       ||    38
   Fire: Sling             |       |     3 |    91 ||    94
   Cast: Sting             |    70 |   185 |    61 ||   316
         Olgreb's Toxic Ra |       |       |     4 ||     4
 Invoke: Sacrifice Essence |       |     1 |       ||     1
    Use: Scroll            |       |     6 |     1 ||     7
 Armour: Robe              |    48 |    38 |    62 ||   148
  Dodge: Dodged            |    58 |    57 |    83 ||   198
